 Dungeon Crawl Stone Soup version 0.30.1-9-gdf580d7c3d (webtiles) character file.

Game seed: 3519655492426305036

3296 Anriel the Human-At-Arms (level 10, -5/111 HPs)
             Began as a Human Fighter on Oct 4, 2023.
             Was a Believer of Okawaru.
             Slain by an orc knight
             ... wielding a +0 trident
              (11 damage)
             ... in a bailey.
             The game lasted 00:35:07 (6452 turns).

Anriel the Human-At-Arms (Human Fighter)            Turns: 6452, Time: 00:35:08

Health: -5/111     AC: 25    Str: 16    XL:     10   Next: 20%
Magic:  13/14      EV:  2    Int:  9    God:    Okawaru [**....]
Gold:   263        SH: 13    Dex: 17    Spells: 9/9 levels left

rFire   + . .        a - +0 long sword
rCold   . . .        c - +1 buckler
rNeg    . . .        s - melded +0 plate armour
rPois   +            t - melded +0 mask of the Dragon {Will+ Slay+3 SInv}
rElec   .            (cloak currently unavailable)
rCorr   .            (gloves currently unavailable)
SInv    .            (boots currently unavailable)
Will    .....        o - amulet of reflection
Stlth   +++          i - ring of protection from fire
HPRegen 0.38/turn    (no ring)
MPRegen 0.14/turn

%: reflection
@: mighty, tree-form, heroic, studying Fighting
A: stationary, stasis, torment immunity, boosted hp
a: Renounce Religion, Heroism


You were in a bailey.
You worshipped Okawaru.
Okawaru was pleased with you.
You were a tree.
You visited 1 branch of the dungeon, and saw 7 of its levels.
You also visited: Bailey.

You collected 263 gold pieces.

Inventory:

Hand Weapons
 a - a +0 long sword (weapon)
Missiles
 f - 4 javelins
 k - a boomerang (quivered)
Armour
 c - a +1 buckler (worn)
 s - a +0 plate armour (melded)
 t - the +0 mask of the Dragon (melded) {Will+ Slay+3 SInv}
   (You acquired it on level 6 of the Dungeon)

   Slay:      It affects your accuracy & damage with ranged weapons and melee
   (+3).
   SInv:      It lets you see invisible.
   Will:      It increases your willpower.
Jewellery
 i - a ring of protection from fire (left branch)
 o - an amulet of reflection (around neck)
 v - a +6 ring of strength
Wands
 l - a wand of flame (19)
 r - a wand of digging (4)
Scrolls
 b - a scroll of enchant weapon
 e - 2 scrolls of fear
 m - a scroll of summoning
 n - a scroll of amnesia
 p - a scroll of magic mapping
Potions
 d - a potion of might
 j - a potion of cancellation
 u - a potion of berserk rage


   Skills:
 - Level 5.0(10.0) Fighting
 + Level 5.6(10.6) Long Blades
 - Level 5.0(10.0) Throwing
 - Level 5.0(10.0) Armour
 + Level 4.4(9.4) Dodging
 - Level 5.0(10.0) Shields
 * Level 6.5 Invocations
 - Level 5.0 Evocations


You had 9 spell levels left.
You didn't know any spells.
Your spell library contained the following spells:

 Spells                   Type           Power      Damage    Failure   Level
 Freeze                   Ice            0%         1d3       43%         1
 Magic Dart               Conj           0%         1d3       43%         1
 Searing Ray              Conj           0%         2d4       58%         2
 Frozen Ramparts          Ice            0%         1d1       82%         3
 Hailstorm                Conj/Ice       0%         3d3       82%         3
 Ozocubu's Armour         Ice            0%         N/A       82%         3
 Fulminant Prism          Conj/Hex       0%         3d5       99%         4
 Passage of Golubria      Tloc           0%         N/A       99%         4
 Yara's Violent Unravell  Hex/Tmut       0%         3d3       100%        5
 Ozocubu's Refrigeration  Ice            0%         4d7       100%        7
 Summon Small Mammal      Summ           Unusable   N/A       N/A         1
 Call Canine Familiar     Summ           Unusable   N/A       N/A         3
 Summon Guardian Golem    Hex/Summ       Unusable   N/A       N/A         3
 Tukima's Dance           Hex            Unusable   N/A       N/A         3

Dungeon Overview and Level Annotations

Branches:
Dungeon (7/15)             Temple (0/1) D:7          Bailey (1/1)

Altars:
Cheibriados
Nemelex Xobeh
Okawaru
Ru

Shops:
D:2 =   D:5 *


Message History

* * * LOW HITPOINT WARNING * * *
Throw: boomerang
Press: ? - help, Q - select action, (/) - cycle Shift-Dir - straight line, f/p - orc knight
Aim: an orc knight, wielding a +0 trident and wearing a +0 scale mail (severely wounded, 64% to hit)
You throw a boomerang.
The boomerang barely misses the orc knight.
The orc knight hits you from afar with a +0 trident.
* * * LOW HITPOINT WARNING * * *
Throw: boomerang
Press: ? - help, Q - select action, (/) - cycle Shift-Dir - straight line, f/p - orc knight
Aim: an orc knight, wielding a +0 trident and wearing a +0 scale mail (severely wounded, 64% to hit)
You throw a boomerang. The boomerang hits the orc knight!
The orc knight is almost dead.
Throw: boomerang
Press: ? - help, Q - select action, (/) - cycle Shift-Dir - straight line, f/p - orc knight
Aim: an orc knight, wielding a +0 trident and wearing a +0 scale mail (almost dead, 64% to hit)
You throw a boomerang. The boomerang hits the orc knight!
The orc knight is almost dead.
The orc knight roars a battlecry!
Throw: boomerang
Press: ? - help, Q - select action, (/) - cycle Shift-Dir - straight line, f/p - orc knight
Aim: an orc knight, wielding a +0 trident and wearing a +0 scale mail (almost dead, 64% to hit)
You throw a boomerang. The boomerang hits the orc knight.
The orc knight is almost dead.
You block the orc knight's attack.
Throw: boomerang
Press: ? - help, Q - select action, (/) - cycle Shift-Dir - straight line, f/p - orc knight
Aim: an orc knight, wielding a +0 trident and wearing a +0 scale mail (almost dead, 64% to hit)
You throw a boomerang.
The boomerang closely misses the orc knight.
You block the orc knight's attack.
Okay, then.
Okay, then.
Throw: boomerang
Press: ? - help, Q - select action, (/) - cycle Shift-Dir - straight line, f/p - orc knight
Aim: an orc knight, wielding a +0 trident and wearing a +0 scale mail (almost dead, 64% to hit)
You throw a boomerang.
The boomerang barely misses the orc knight.
The orc knight hits you from afar with a +0 trident!
You die...

.....≈#....~~~~~~~~~~~~~~~~~))..#
.....≈##)∩#≈~~~~~~~~~~~~~~~≈#∩.##
.....≈≈#.##≈~~~~#######~~~~≈##.#≈
.....~≈≈~≈≈≈~~~##~~~~##~~~~≈≈≈~≈≈
.....~))~~~~~~##~oo~~##~~~~~~~~~~
.....~)~~~~~~##~o#'''##~~~~~~~~~~
.....~~~~~~~~#~o##oo∩##~~##~~~~~~
.....~~~~~~~##o####'####~##~~~~~~
.....~~~~~~~##~'♣#...#)'~##~~~~~~
.....~~~~~~~##~###o8.###~##~~~~~~
.....~~~~~~~##~')#:.?#)'~##~~~~~~
.....~~~~~~~##~#########~##~~~~~~
.....~~~~~~~~#~~##[#)##~~#~~~~~~~
.....~~~~~~~~##~~#'#'#~~##~~~~~~~
.....~~~~~~~~~##~~~~~~~##~~~~~~~~
.....~≈≈~≈≈≈~~~#########~~~≈≈≈)≈≈
.....≈≈#.##≈~~~~~~###~~~~~~≈##.#≈


You could see an orc knight.

Vanquished Creatures
  Pikel (D:6)
  Eustachio (D:6)
  A steam dragon (D:6)
  A water moccasin (D:5)
  2 black bears (D:4)
  12 orc warriors (Bailey)
  2 ogres
  A lemure (D:6)
  5 scorpions
  5 hounds
  3 jellies
  2 orc priests
  4 iguanas
  3 orc wizards
  5 adders
  A white imp (D:6)
  3 worms
  A dart slug (D:1)
  23 orcs
  6 ball pythons
  10 endoplasms
  6 giant cockroaches
  9 goblins
  11 hobgoblins
  13 jackals
  10 kobolds
  5 quokkas
  5 bats
  4 frilled lizards
  12 rats
167 creatures vanquished.

Notes
Turn   | Place    | Note
-------+----------+-------------------------------------------
     0 | D:1      | Anriel the Human Fighter began the quest for the Orb.
     0 | D:1      | Reached XP level 1. HP: 18/18 MP: 1/1
    80 | D:1      | Reached XP level 2. HP: 24/24 MP: 2/2
    96 | D:1      | Reached skill level 1 in Throwing
    96 | D:1      | Reached skill level 1 in Dodging
   210 | D:1      | Reached XP level 3. HP: 23/29 MP: 3/3
   987 | D:2      | Reached XP level 4. HP: 35/35 MP: 4/4
  1048 | D:2      | Found Koirov's Jewellery Boutique.
  2127 | D:3      | Reached XP level 5. HP: 33/41 MP: 5/5
  2480 | D:4      | Noticed a black bear
  2491 | D:4      | Killed a black bear
  2492 | D:4      | Reached skill level 1 in Evocations
  2492 | D:4      | Reached XP level 6. HP: 45/47 MP: 6/6
  2502 | D:4      | Found a sparkling altar of Nemelex Xobeh.
  2635 | D:4      | Reached XP level 7. HP: 51/52 MP: 7/7
  3454 | D:5      | Entered Level 5 of the Dungeon
  3541 | D:5      | Found a sacrificial altar of Ru.
  3644 | D:5      | Found Myjab's Elemental Accessories.
  3650 | D:5      | Noticed a water moccasin
  3660 | D:5      | Killed a water moccasin
  3661 | D:5      | Reached XP level 8. HP: 47/58 MP: 8/8
  3734 | D:5      | Reached skill level 5 in Long Blades
  4172 | D:5      | Found a snail-covered altar of Cheibriados.
  4586 | D:6      | Found an iron altar of Okawaru.
  4595 | D:6      | Became a worshipper of Warmaster Okawaru
  5025 | D:6      | Noticed Pikel
  5033 | D:6      | Noticed Eustachio
  5045 | D:6      | Reached XP level 9. HP: 45/66 MP: 9/9
  5049 | D:6      | Identified a scroll of acquirement
  5049 | D:6      | Acquired the +0 mask of the Dragon {Will+ Slay+3 SInv}
  5049 | D:6      | Found the +0 mask of the Dragon {Will+ Slay+3 SInv}
  5071 | D:6      | Killed Pikel
  5071 | D:6      | Reached * piety under Okawaru
  5072 | D:6      | Reached skill level 5 in Fighting
  5072 | D:6      | Reached skill level 5 in Armour
  5072 | D:6      | Reached skill level 5 in Shields
  5072 | D:6      | Reached skill level 2 in Invocations
  5079 | D:6      | Killed Eustachio
  5080 | D:6      | Reached skill level 3 in Invocations
  5228 | D:7      | Found a staircase to the Ecumenical Temple.
  5348 | D:7      | Found a flagged portal.
  5353 | Bailey   | Entered a bailey
  5369 | Bailey   | Reached skill level 4 in Invocations
  5374 | Bailey   | Reached ** piety under Okawaru
  5514 | Bailey   | Reached skill level 5 in Invocations
  5589 | Bailey   | Reached XP level 10. HP: 23/74 MP: 12/14
  5867 | Bailey   | Reached skill level 5 in Evocations
  6048 | Bailey   | Reached skill level 5 in Throwing
  6048 | Bailey   | Reached skill level 6 in Invocations
  6401 | Bailey   | Noticed an orc knight
  6433 | Bailey   | HP: 3/111 [orc knight/+0 trident (15)]
  6447 | Bailey   | HP: 4/111 [orc knight/+0 trident (3)]
  6452 | Bailey   | Slain by an orc knight

Illustrated notes

Levels and vault maps discovered:
D:1:      evilmike_arrival_crescent, layout_basic,
          minmay_misc_feat_more_columns, amcnicky_mini_corridor_feature
D:2:      layout_basic, serial_shops, shop, dk_noncrumbling_3,
          chequers_mini_garden, minivault_23, minmay_rat_gold_closets
D:3:      layout_loops_cross, minmay_cut_off
D:4:      layout_basic, mainiacjoe_overflow_catwalk
D:5:      layout_loops_ring, nicolae_ru_great_annihilating_truth,
          lemuel_crystal_altar, nicolae_elemental_shop
D:6:      layout_rooms, mainiacjoe_overflow_paths, uniq_eustachio, uniq_pikel
D:7:      layout_loops_ring, mainiacjoe_overflow_surrounded_room,
          minmay_temple_entry_junction, enter_bailey_3
Bailey:   bailey_polearm_2, bailey

Skill      XL: |  1  2  3  4  5  6  7  8  9 10 |
---------------+-------------------------------+-----
Throwing       | 1 2 3 4 5 |  5.0
Dodging        | 1 2 3 4 |  4.4
Long Blades    | 3 4 5 |  5.6
Evocations     | 1 2 3 4 5 |  5.0
Armour         | 4 5 |  5.0
Shields        | 4 5 |  5.0
Fighting       | 4 5 |  5.0
Invocations    | 5 6 |  6.5

Action                     |  1- 3 |  4- 6 |  7- 9 | 10-12 || total
---------------------------+-------+-------+-------+-------++-------
  Melee: Long sword        |    96 |   152 |   254 |    67 ||   569
  Throw: Boomerang         |    13 |    27 |   120 |    32 ||   192
         Javelin           |       |     9 |     5 |       ||    14
 Invoke: Heroism           |       |       |       |     2 ||     2
    Use: Scroll            |     3 |     5 |     8 |       ||    16
         Potion            |       |       |     2 |     5 ||     7
   Stab: Paralysed         |       |       |     2 |       ||     2
         Invisible         |       |       |     1 |       ||     1
 Armour: Scale mail        |    36 |    33 |    37 |       ||   106
         Plate armour      |       |       |    42 |     9 ||    51
         Skin              |       |       |    27 |     5 ||    32
  Dodge: Dodged            |    47 |    73 |    72 |     8 ||   200
  Block: Buckler           |    32 |    93 |   182 |    49 ||   356
         Reflection        |       |       |    19 |     2 ||    21
